AoeStats
← 平民老百姓

Socotra

504409036Analyzed
4v4 RM · 27d ago on Sep 5, 2026· 34m 39s· 8 players
Game mode
Random Map
Map size
148×148
Population
200
Speed
Normal
Resources
Standard
Victory
Conquest
Starting age
Dark Age
Ending age
Imperial Age
RankedLock teamsTeams togetherTeam positionsShared explorationLock speedFull tech treeHidden civsTurbo modeCheats
Victory
Defeat
🇪🇸 Hindustanis · Spain
1328
+11
🇺🇸 Magyars · United States
1306
+12
🇨🇦 Japanese · Canada
1246
+14
🇺🇸 Persians · United States
1238
+15
🇦🇷 Persians · Argentina
1270
-15
🇹🇼 Bulgarians · Taiwan
1231
-14
🇲🇽 Armenians · Mexico
1188
-12
🇲🇽 Georgians · Mexico
1161
-11
kama.Kroxa
8:48 Feudal Age
9:56 Double-Bit Axe
14:17 Horse Collar
16:04 Bloodlines
19:51 Forging
27:47 Castle Age
平民老百姓
2:03 Loom
11:14 Feudal Age
15:09 Horse Collar
15:17 Double-Bit Axe
19:06 Castle Age
19:13 Forging
21:21 Heavy Plow
21:52 Gold Mining
23:34 Fletching
25:05 Stone Mining
26:29 Bow Saw
29:52 Wheelbarrow
ODIN
0:34 Loom
12:18 Feudal Age
15:55 Fletching
17:17 Stone Mining
26:39 Castle Age
C_3PO
6:42 Loom
9:35 Feudal Age
10:23 Double-Bit Axe
16:06 Forging
19:46 Scale Barding Armor
21:28 Bloodlines
21:07 Horse Collar
Trailmaker
7:43 Loom
9:52 Feudal Age
11:08 Double-Bit Axe
13:50 Horse Collar
17:33 Scale Barding Armor
17:38 Forging
25:01 Castle Age
23:37 Gold Mining
25:01 Bloodlines
25:31 Husbandry
24:54 Light Cavalry
26:58 Chain Barding Armor
28:37 Heavy Plow
29:46 Gold Shaft Mining
31:19 Wheelbarrow
31:00 Bow Saw
sesquipedalia
8:37 Loom
10:53 Feudal Age
15:03 Bloodlines
20:47 Scale Barding Armor
21:39 Wheelbarrow
24:05 Double-Bit Axe
28:43 Castle Age
28:43 Gold Mining
30:11 Chain Barding Armor
30:32 Husbandry
31:25 Gold Shaft Mining
32:19 Horse Collar
trashypanda
6:41 Loom
9:01 Feudal Age
9:04 Man-at-Arms
9:52 Arson
18:02 Double-Bit Axe
20:24 Fletching
21:45 Horse Collar
27:56 Castle Age
27:39 Scale Mail Armor
27:49 Forging
28:51 Bow Saw
28:43 Heavy Plow
28:07 Crossbowman
28:46 Bodkin Arrow
29:00 Pikeman
29:40 Squires
33:16 Wheelbarrow
Gandalfff
7:04 Loom
9:56 Feudal Age
10:57 Double-Bit Axe
13:07 Horse Collar
23:09 Castle Age
24:27 Fletching
25:06 Bodkin Arrow
25:20 Scale Mail Armor
28:34 Forging
28:43 Chain Mail Armor
28:36 Arson
28:55 Squires
30:39 Forging
32:07 Iron Casting
33:43 Wheelbarrow
Connection lost

Rejoining the realm…

Still unreachable

The connection could not be restored.

Session expired

The server has moved on; the page needs a fresh start.